 Dungeon Crawl Stone Soup version 0.24-a0-584-g9d6b971ae4 (webtiles) character file.

Game seed: 12063675762159537562, levelgen mode: deterministic

73 Gynju the Skirmisher (level 4, -3/40 HPs)
             Began as a Minotaur Abyssal Knight on Aug 30, 2019.
             Was a Follower of Lugonu.
             Slain by a worm (5 damage)
             ... on level 2 of the Dungeon.
             The game lasted 00:03:21 (1270 turns).

Gynju the Skirmisher (Minotaur Abyssal Knight)      Turns: 1270, Time: 00:03:22

Health: -3/40      AC:  4    Str: 17    XL:     4   Next: 8%
Magic:  4/4        EV: 12    Int:  9    God:    Lugonu [*.....]
Gold:   40         SH:  0    Dex: 10    Spells: 3/3 levels left

rFire    . . .     SeeInvis .   a - +1 hand axe
rCold    . . .     Gourm    .   (no shield)
rNeg     . . .     Faith    .   b - +0 leather armour
rPois    .         Spirit   .   (helmet restricted)
rElec    .         Reflect  .   (no cloak)
rCorr    .         Harm     .   m - +0 pair of gloves
MR       .....                  (no boots)
Stlth    +.........             (no amulet)
HPRegen  0.13/turn              (no ring)
MPRegen  0.09/turn              (no ring)

@: lethally poisoned (-3 -> -6)
A: retaliatory headbutt, horns 2
a: Depart the Abyss, Renounce Religion


You were on level 2 of the Dungeon.
You worshipped Lugonu.
Lugonu was aware of your devotion.
You were not hungry.

You visited 1 branch of the dungeon, and saw 2 of its levels.
You visited the Abyss 1 time.

You collected 40 gold pieces.

Inventory:

Hand Weapons
 a - a +1 hand axe (weapon)
Armour
 b - a +0 leather armour (worn)
 m - a +0 pair of gloves (worn)
Scrolls
 f - 2 scrolls of remove curse {unknown}
 g - 2 scrolls of identify {unknown}
 k - a scroll of magic mapping {unknown}
 l - 2 scrolls of immolation {unknown}
 n - a scroll of fog {unknown}
Potions
 e - a potion of haste {unknown}
 h - a potion of brilliance {unknown}
 i - a potion of flight {unknown}
 j - a potion of resistance {unknown}
Comestibles
 c - a ration
 d - 6 chunks of flesh


   Skills:
 + Level 4.1 Fighting
 + Level 3.1 Axes
 + Level 3.2 Armour
 + Level 2.0 Dodging
 + Level 2.5 Invocations


You had 3 spell levels left.
You didn't know any spells.
Your spell library was empty.

Dungeon Overview and Level Annotations

Branches:
Dungeon (2/15)

Altars:
Ashenzari


Innate Abilities, Weirdness & Mutations

You reflexively headbutt those who attack you in melee.
You have a pair of horns on your head.


Message History

You feel sick.
You hit the worker ant.
The worker ant is almost dead.
The worker ant barely misses you. You furiously retaliate!
You headbutt the worker ant.
You kill the worker ant!
Lugonu accepts your kill.
Your Dodging skill increases to level 2!
You have reached level 4!
You feel agile.
You feel sick. The worm bites you!
* * * LOW HITPOINT WARNING * * *
You see here a worker ant corpse.
You hit the worm.
The worm is moderately wounded.
You hit the worm.
The worm is heavily wounded.
* * * LOW HITPOINT WARNING * * *
You feel sick. The worm bites you.
You die...

#### ######
####...### ......
......... ######
#########.<......
#......@w........
###.#######........
#........####...##.
#.#.####.# ...#
#.#.# ..# #.#.# #.#
#.#.# .# . #.#.# #
#. ###.#..


You could see a worm.

Vanquished Creatures
  A worker ant (D:2)
  A worm (D:2)
  A dart slug (D:1)
  4 leopard geckos (D:1)
  10 bats
  A giant cockroach (D:2)
  4 goblins
  6 hobgoblins (D:1)
  4 kobolds
  3 ball pythons (D:1)
  A frilled lizard (D:1)
  2 rats (D:1)
38 creatures vanquished.

Notes
Turn   | Place    | Note
-------+----------+-------------------------------------------
     0 | Abyss:1  | Gynju the Minotaur Abyssal Knight began the quest for the
                  | Orb.
     0 | Abyss:1  | Reached XP level 1. HP: 19/19 MP: 1/1
     9 | Abyss:1  | Found a corrupted altar of Lugonu.
    39 | Abyss:1  | Noticed a salamander
    39 | Abyss:1  | Noticed an orange demon
    40 | D:1      | Escaped the Abyss
   155 | D:1      | Reached XP level 2. HP: 23/27 MP: 2/2
   218 | D:1      | Reached * piety under Lugonu
   603 | D:1      | Reached XP level 3. HP: 30/33 MP: 3/3
   825 | D:1      | Reached skill level 4 in Fighting
   832 | D:1      | Found a shattered altar of Ashenzari.
  1267 | D:2      | Reached XP level 4. HP: 10/40 MP: 4/4
  1268 | D:2      | HP: 2/40 [worm (7)]
  1270 | D:2      | Slain by a worm

Levels and vault maps discovered:
D:1:      lightli_arrival_statue_moat, layout_loops_cross,
          nicolae_ashenzari_panopticon
D:2:      layout_loops_ring

Skill      XL: |  1  2  3 |
---------------+----------+-----
Invocations    | 2 |  2.5
Fighting       | 4 |  4.1
Armour         | 3 |  3.2
Axes           | 3 |  3.1
Dodging        | 2 |  2.0

Action                   |  1- 3 |  4- 6 || total
-------------------------+-------+-------++-------
Melee: Hand axe          |    86 |     2 ||    88
       Headbutt          |     6 |       ||     6
Invok: Depart the Abyss  |     1 |       ||     1
  Eat: Chunk             |     1 |       ||     1
Armor: Leather armour    |    28 |       ||    28
Dodge: Dodged            |    63 |       ||    63

Table legend:
 A = Non-vault XP
 B = Vault XP
 C = Vault XP percentage of total XP
 D = Non-vault monster count
 E = Vault monster count
 F = Vault count percentage of total count
                 A         B        C        D         E       F
            +---------+---------+-------+---------+---------+-------
      Total |     105 |       0 |   0.0 |      38 |       0 |   0.0
            +---------+---------+-------+---------+---------+-------
        D:1 |      58 |       0 |   0.0 |      31 |       0 |   0.0
        D:2 |      47 |       0 |   0.0 |       7 |       0 |   0.0
            +---------+---------+-------+---------+---------+-------
